 Dungeon Crawl Stone Soup version 0.26-a0-291-g3d11bbfad5 (webtiles) character file.

Game seed: 6159235989976209974

839 ANON1729 the Firebug (level 7, -2/59 HPs)
             Began as a Troll Fire Elementalist on July 14, 2020.
             Slain by a centaur (7 damage)
             ... on level 5 of the Dungeon.
             The game lasted 00:10:30 (4619 turns).

ANON1729 the Firebug (Troll Fire Elementalist)      Turns: 4619, Time: 00:10:31

Health: -2/59      AC:  6    Str: 17    XL:     7   Next: 67%
Magic:  10/10      EV: 10    Int: 13    God:
Gold:   389        SH:  0    Dex: 10    Spells: 7/12 levels left

rFire    . . .     SeeInvis .   (no weapon)
rCold    . . .     Faith    .   (no shield)
rNeg     . . .     Spirit   .   a - +0 robe
rPois    .         Reflect  .   (helmet restricted)
rElec    .         Harm     .   (no cloak)
rCorr    .                      (gloves unavailable)
MR       .....                  (boots unavailable)
Stlth    ++........             (no amulet)
HPRegen  0.59/turn              (no ring)
MPRegen  0.12/turn              (no ring)

@: no status effects
A: large, unfitting armour, claws 3, regeneration 1, shaggy fur 1, tough skin 3
a: no special abilities


You were on level 5 of the Dungeon.
You visited 2 branches of the dungeon, and saw 7 of its levels.
You also visited: Sewer.

You collected 389 gold pieces.

Inventory:

Hand Weapons
 q - a +0 trident
Armour
 a - a +0 robe (worn)
Wands
 p - a wand of clouds (5)
 v - a wand of enslavement (6)
Scrolls
 b - 2 scrolls of fear
 c - 3 scrolls of fog {unknown}
 f - 7 scrolls of teleportation
 g - 5 scrolls of remove curse
 i - a scroll of immolation {unknown}
 l - a scroll of magic mapping {unknown}
 m - 2 scrolls of enchant weapon {unknown}
 o - a scroll of blinking {unknown}
 u - 3 scrolls of identify
Potions
 d - 2 potions of heal wounds {unknown}
 e - a potion of mutation {unknown}
 h - 3 potions of curing {unknown}
 j - a potion of invisibility {unknown}
 k - 3 potions of might
 n - a potion of stabbing {unknown}
 r - a potion of flight {unknown}
 s - 2 potions of berserk rage {unknown}
 t - 2 potions of resistance {unknown}


   Skills:
 - Level 3.0 Dodging
 - Level 1.8 Stealth
 + Level 0.6 Unarmed Combat
 * Level 3.0 Spellcasting
 * Level 3.2 Conjurations
 * Level 3.9 Fire Magic


You had 7 spell levels left.
You knew the following spells:

 Your Spells              Type           Power        Failure   Level
a - Foxfire               Conj/Fire      ##..         5%          1
b - Sticky Flame          Conj/Fire      ##......     45%         4

Your spell library contained the following spells:

 Spells                   Type           Power        Failure   Level
 Magic Dart               Conj           ##..         6%          1
 Conjure Flame            Conj/Fire      ##......     16%         3
 Inner Flame              Hex/Fire       #.......     30%         3
 Blink                    Tloc           N/A          34%         2
 Call Imp                 Summ           #.......     34%         2
 Slow                     Hex            #.......     34%         2
 Mephitic Cloud           Conj/Pois/Air  #.......     41%         3
 Fireball                 Conj/Fire      ##........   82%         5


Dungeon Overview and Level Annotations

Branches:
Dungeon (6/15)             Temple (1/1) D:6           Sewer (visited)

Altars:
Dithmenos
Elyvilon
Fedhas
Gozag
Kikubaaqudgha
Makhleb
Nemelex Xobeh
Okawaru
Qazlal
Trog
Uskayaw
Vehumet
Wu Jian
Xom
The Shining One


Innate Abilities, Weirdness & Mutations

You are too large for most types of armour.
You have claws for hands.
Your natural rate of healing is unusually fast.
You are covered in fur. (AC +1)
You have extremely tough skin. (AC +3)


Message History

* * * LOW HITPOINT WARNING * * *
An iguana comes into view.
You closely miss the centaur.
The centaur is lightly wounded.
The centaur barely misses you. The centaur hits you.
* * * LOW HITPOINT WARNING * * *
You claw the centaur!
The centaur is severely wounded.
The centaur hits you but does no damage.
The iguana hisses angrily.
You scratch the centaur but do no damage.
The centaur is severely wounded.
The centaur hits you!
* * * LOW HITPOINT WARNING * * *
The centaur hits you but does no damage.
Unknown command.
You scratch the centaur.
The centaur is almost dead.
The centaur hits you!
You die...

........####............#.....
... .≈...........................
#.# #.##≈≈.≈≈##......<...........
#.# #.##≈≈.≈≈##.........#.#......
#.###.≈≈.....≈≈.......#.#.#......
...##.≈≈.....≈≈.......#)#.#......
...#..≈≈...≈.≈≈..#....#.#.#......
...#..≈≈.....≈≈..#....#..........
.....≈≈≈≈....≈≈)@c....#..........
#.....##≈≈≈≈≈##..#(..............
#.....##≈≈≈≈≈##...#.#............
..................#.l............
................................#
..........##########c............
..........# ......########
.##........ ......... ........#..


You could see a centaur and an iguana.

Vanquished Creatures
  Grinder (D:3)
  A sky beast (D:5)
  An ogre (D:3)
  2 centaurs (D:5)
  An orc priest (D:3)
  A centaur skeleton (D:2)
  Terence (D:3)
  A worker ant (D:3)
  4 gnolls
  6 adders
  10 oozes
  2 adder skeletons
  5 worms
  9 dart slugs
  3 leopard geckos
  13 orcs
  10 bats
  5 giant cockroaches
  6 goblins
  6 hobgoblins
  7 jackals
  3 ball pythons
  6 frilled lizards
  A jackal zombie (D:5)
  10 kobolds
  A quokka skeleton (D:2)
  7 rats
123 creatures vanquished.

Vanquished Creatures (others)
  27 foxfires
27 creatures vanquished.

Grand Total: 150 creatures vanquished

Notes
Turn   | Place    | Note
-------+----------+-------------------------------------------
     0 | D:1      | ANON1729 the Troll Fire Elementalist began the quest for
                  | the Orb.
     0 | D:1      | Reached XP level 1. HP: 16/16 MP: 1/1
   182 | D:1      | Reached XP level 2. HP: 24/24 MP: 3/3
   214 | D:1      | Reached skill level 1 in Conjurations
   357 | D:1      | Reached XP level 3. HP: 31/31 MP: 4/4
   918 | D:2      | Found a shadowy altar of Dithmenos.
   954 | D:2      | Reached XP level 4. HP: 39/39 MP: 5/5
  1718 | D:3      | Noticed Grinder
  1740 | D:3      | Killed Grinder
  1740 | D:3      | Reached XP level 5. HP: 21/45 MP: 5/7
  1740 | D:3      | Reached XP level 6. HP: 25/53 MP: 5/8
  1747 | D:3      | Noticed Terence
  1819 | D:3      | Killed Terence
  2473 | D:3      | You fall into a shaft and drop 1 floor!
  2480 | D:4      | You fall into a shaft and drop 2 floors!
  2480 | D:6      | Found a staircase to the Ecumenical Temple.
  2507 | Temple   | Entered the Ecumenical Temple
  2820 | D:5      | Entered Level 5 of the Dungeon
  2832 | D:5      | Found a glowing drain.
  2861 | Sewer    | Entered a sewer
  3579 | D:5      | Reached XP level 7. HP: 56/59 MP: 9/9
  3708 | D:4      | Learned a level 4 spell: Sticky Flame
  3876 | D:4      | Found a blossoming altar of Fedhas.
  4619 | D:5      | Slain by a centaur

Illustrated notes

Levels and vault maps discovered:
D:1:      beargit_arrival_greenhouse, layout_basic
D:2:      layout_loops_ring, serial_undead, serial_undead_b, serial_undead_f,
          serial_undead_d, serial_undead_d, nicolae_dithmenos_shadow_blocks
D:3:      kennysheep_slugbush, layout_basic, uniq_grinder, uniq_terence
D:4:      layout_cave_pools, marbit_many_paths
D:5:      layout_basic, cheibrodos_sewer_entry_sluice, kennysheep_nub
D:6:      layout_cave_pods, minmay_temple_entry_sparse_star
Temple:   dpeg_chambers_temple

Skill      XL: |  1  2  3  4  5  6  7 |
---------------+----------------------+-----
Conjurations   | 1 2 3 |  3.2
Dodging        | 2 3 |  3.0
Spellcasting   | 2 3 |  3.0
Fire Magic     | 3 |  3.9
Stealth        | |  1.8
Unarmed Combat | |  0.6

Action                   |  1- 3 |  4- 6 |  7- 9 || total
-------------------------+-------+-------+-------++-------
Melee: Unarmed           |   115 |   245 |   109 ||   469
       Trident           |       |    41 |       ||    41
 Cast: Foxfire           |     6 |     9 |       ||    15
  Use: Scroll            |       |     5 |       ||     5
       Potion            |       |       |     1 ||     1
 Stab: Sleeping          |     2 |       |     1 ||     3
Armor: Robe              |    48 |   112 |    46 ||   206
Dodge: Dodged            |    64 |   155 |    79 ||   298

Table legend:
 A = Non-vault XP
 B = Vault XP
 C = Vault XP percentage of total XP
 D = Non-vault monster count
 E = Vault monster count
 F = Vault count percentage of total count
                 A         B        C        D         E       F
            +---------+---------+-------+---------+---------+-------
      Total |     738 |     461 |  38.4 |      86 |      37 |  30.1
            +---------+---------+-------+---------+---------+-------
        D:1 |      63 |       0 |   0.0 |      26 |       0 |   0.0
        D:2 |     122 |      10 |   7.6 |      25 |       3 |  10.7
        D:3 |     213 |     341 |  61.6 |      14 |       9 |  39.1
        D:4 |      59 |       7 |  10.6 |      13 |       1 |   7.1
        D:5 |     268 |       5 |   1.8 |       7 |       3 |  30.0
        D:6 |      13 |       0 |   0.0 |       1 |       0 |   0.0
      Sewer |       0 |      98 | 100.0 |       0 |      21 | 100.0
            +---------+---------+-------+---------+---------+-------
